Map: Proxima Station LE

Players

INnoVation - Winner!

  • Race: Terran Terran
  • Spawn Location: 1:00

Ryung

  • Race: Terran Terran
  • Spawn Location: 7:00

Event: IEM XI Katowice - World Championship 2017

VOD

Have the link to the VOD?

Description

Time

  • Played on: March 4, 2017, 5:14 a.m.
  • Length: 12:25

All games in this series

Show
View Real Time Build Order
Export as new Build Order

INnoVation Terran - Winner!

Build Orders: Cyclone Opening, Bio Tank 

Get SALT Encoding   

  12  0:00  SCV  
  13  0:12  SCV  
  14  0:18  Supply Depot  
  14  0:24  SCV  
  14  0:27  Refinery  
  15  0:39  SCV  
  16  0:45  Barracks  
  16  0:51  SCV  
  17  1:03  SCV  
  18  1:16  SCV  
  19  1:32  Reaper, Orbital Command  
  20  1:45  Command Center  
  20  1:56  Factory  
  20  1:58  SCV  
  21  2:06  Barracks Reactor  
  21  2:11  SCV  
  22  2:16  Refinery  
  22  2:17  Supply Depot  
  22  2:23  SCV  
  23  2:39  SCV  
  23  2:42  Marine x2, Cyclone  
  29  2:51  SCV  
  30  2:56  Orbital Command  
  30  2:59  Starport  
  30  3:03  SCV  
  30  3:04  Marine  
  32  3:07  Marine  
  33  3:14  Factory Tech Lab  
  33  3:15  SCV  
  34  3:22  SCV  
  34  3:24  Marine x2  
  37  3:27  SCV  
  37  3:29  Supply Depot  
  37  3:34  SCV  
  39  3:39  SCV  
  40  3:42  Raven  
  40  3:44  Marine x2  
  40  3:47  Factory Tech Lab, SCV  
  45  3:51  SCV  
  45  3:52  Supply Depot  
  45  3:54  Refinery  
  46  3:59  SCV  
  46  4:02  Marine x2  
  49  4:03  SCV  
  53  4:14  SCV  
  53  4:15  SCV  
  51  4:21  Command Center  
  51  4:24  Raven  
  51  4:27  SCV  
  51  4:28  SCV  
  51  4:30  Marine x2  
  57  4:35  Refinery  
  57  4:41  SCV x2  
  57  4:43  Supply Depot  
  59  4:48  Marine x2  
  58  4:54  SCV x2  
  60  5:01  Supply Depot  
  60  5:05  Siege Tank  
  63  5:11  SCV x2  
  65  5:21  Viking x2  
  67  5:22  Marine, Stimpack  
  67  5:23  SCV x2  
  67  5:24  Supply Depot  
  72  5:32  Barracks  
  72  5:33  Orbital Command, Barracks  
  72  5:37  Siege Tank  
  72  5:40  SCV x2  
  77  5:43  Marine  
  77  5:47  Engineering Bay  
  77  5:48  Engineering Bay  
  78  5:55  SCV x2  
  78  5:56  Orbital Command  
  80  6:01  Marine, Viking  
  80  6:02  Viking  
  85  6:05  Supply Depot  
  85  6:07  SCV x2  
  87  6:12  Siege Tank  
  87  6:14  Terran Infantry Weapons Level 1  
  87  6:16  Terran Infantry Armor Level 1  
  90  6:21  SCV  
  90  6:22  SCV  
  90  6:23  SCV  
  93  6:25  Barracks Reactor  
  93  6:26  Marine, Barracks Reactor  
  93  6:33  Supply Depot  
  93  6:35  SCV x2  
  93  6:36  SCV  
  96  6:41  Viking  
  96  6:43  Viking  
  96  6:44  Siege Tank  
  103  6:47  Refinery  
  103  6:49  Supply Depot, Refinery  
  103  6:51  SCV  
  103  6:52  SCV x2  
  106  6:54  Marine  
  106  6:59  Supply Depot  
  107  7:04  Marine, SCV x3  
  107  7:05  Marine x3  
  107  7:06  Sensor Tower  
  114  7:12  Marine  
  114  7:14  Armory  
  114  7:15  Supply Depot  
  115  7:17  Siege Tank  
  115  7:19  SCV x3  
  115  7:22  Marine x2, Combat Shields  
  115  7:32  SCV x3  
  115  7:33  Medivac x2  
  119  7:38  Marine x3, Supply Depot  
  119  7:40  Marine x2  
  119  7:43  Sensor Tower  
  124  7:49  Siege Tank  
  127  7:55  Marine  
  127  7:56  Marine  
  126  7:58  Barracks  
  126  7:59  Marine x3, Barracks  
  129  8:09  Terran Infantry Weapons Level 2  
  129  8:10  Terran Infantry Armor Level 2  
  129  8:13  Marine x2  
  129  8:14  Supply Depot  
  129  8:17  Marine x3, Missile Turret x2  
  133  8:21  Medivac x2  
  133  8:24  Supply Depot  
  133  8:26  Supply Depot  
  137  8:29  Siege Tank  
  137  8:31  Marine x2  
  141  8:35  Marine x3  
  144  8:44  Terran Vehicle Weapons Level 1  
  144  8:46  Barracks Reactor x2  
  143  8:48  Barracks x2  
  143  8:49  Marine x2  
  143  8:52  Medivac x2  
  149  8:56  Marine x3  
  152  9:03  Siege Tank  
  152  9:07  Supply Depot x2, Marine x2  
  157  9:14  Marine x3  
  160  9:17  Command Center  
  160  9:22  Supply Depot  
  160  9:24  Medivac x2  
  164  9:25  Marine  
  164  9:28  Marine x5  
  167  9:32  Marine x2  
  167  9:35  Siege Tank  
  167  9:36  Barracks Reactor  
  167  9:37  Barracks Reactor  
  168  9:38  Supply Depot  
  168  9:41  Factory  
  168  9:47  Marine  
  168  9:48  Marine x5  
  168  9:50  Marine x3  
  173  9:54  Medivac x2  
  177  10:02  Missile Turret  
  177  10:05  Marine x3  
  180  10:10  Siege Tank  
  183  10:19  Marine x8  
  190  10:40  Marine x5  
  187  10:48  Siege Tank  
  190  10:50  Factory Tech Lab  
  190  10:51  Marine x2  
  190  10:52  Marine  
  190  10:54  Marine x5  
  190  11:04  Medivac  
  190  11:06  Marine  
  190  11:07  Marine x4  
  195  11:14  Siege Tank  
  195  11:17  Marine x2  
  199  11:28  Marine x4  
  199  11:31  Orbital Command  
  199  11:36  Marine  
  199  11:39  Planetary Fortress  
  195  12:06  Marine  
  195  12:07  Marine  
Show
View Real Time Build Order
Export as new Build Order

Ryung Terran 

Build Orders: Reaper Expand, Bio Tank 

Get SALT Encoding   

  12  0:00  SCV  
  13  0:12  SCV  
  14  0:17  Supply Depot  
  14  0:25  SCV  
  14  0:27  Refinery  
  15  0:39  SCV  
  16  0:45  Barracks  
  16  0:51  SCV  
  17  1:03  SCV  
  18  1:15  SCV  
  19  1:31  Orbital Command  
  19  1:32  Reaper  
  20  1:45  Command Center  
  20  1:57  Factory  
  20  1:59  SCV  
  21  2:05  Barracks Reactor  
  21  2:10  Supply Depot  
  21  2:13  SCV  
  22  2:18  Refinery  
  22  2:26  SCV  
  23  2:38  SCV  
  23  2:42  Marine x2  
  23  2:43  Starport  
  26  2:46  Widow Mine  
  26  2:50  SCV  
  29  2:58  Orbital Command  
  29  2:59  Marine x2  
  29  3:02  SCV  
  32  3:19  SCV  
  33  3:20  Medivac  
  33  3:21  Marine x2  
  33  3:24  Cyclone  
  40  3:28  SCV  
  40  3:31  SCV  
  42  3:34  Supply Depot  
  42  3:40  SCV  
  43  3:43  SCV  
  44  3:53  Viking  
  46  3:55  Marine x2  
  46  3:58  Factory Tech Lab  
  46  3:59  SCV x2  
  46  4:01  Supply Depot  
  50  4:13  SCV x2  
  50  4:15  Marine  
  50  4:16  Marine  
  54  4:22  Siege Tank  
  57  4:25  SCV x2  
  59  4:32  Barracks  
  59  4:35  Barracks  
  59  4:37  SCV x2  
  61  4:39  Supply Depot  
  61  4:50  Barracks Tech Lab  
  61  4:56  SCV  
  61  4:58  Refinery x2  
  62  5:00  Starport Reactor, Engineering Bay, SCV  
  62  5:04  Siege Tank  
  66  5:07  Supply Depot  
  66  5:08  SCV  
  66  5:09  Marine, Stimpack  
  66  5:12  SCV  
  69  5:22  Barracks Tech Lab  
  69  5:23  SCV  
  69  5:27  Supply Depot, Terran Infantry Weapons Level 1  
  70  5:29  SCV  
  70  5:31  Supply Depot  
  70  5:33  Marine x3  
  70  5:35  SCV  
  75  5:36  Supply Depot  
  75  5:41  Combat Shields, SCV  
  76  5:47  SCV  
  77  5:50  Marine  
  77  5:51  Marine x3  
  77  5:53  SCV, Command Center  
  82  5:59  SCV  
  82  6:02  Medivac x2  
  87  6:06  Siege Tank  
  87  6:10  SCV  
  91  6:11  SCV  
  91  6:18  Barracks  
  92  6:20  Barracks  
  92  6:22  Marine x4  
  96  6:26  Supply Depot, SCV  
  97  6:38  Siege Tank  
  98  6:41  Medivac  
  98  6:42  Medivac  
  98  6:47  Supply Depot  
  102  6:48  Marine x4, Supply Depot  
  102  6:51  SCV x2  
  108  6:58  Armory  
  108  6:59  Engineering Bay  
  108  7:05  SCV x2  
  108  7:07  Orbital Command  
  108  7:08  Barracks Reactor x2  
  110  7:15  Marine x4  
  113  7:27  Siege Tank  
  102  7:30  SCV x2  
  102  7:32  Terran Infantry Armor Level 1  
  102  7:33  Marine x4  
  102  7:34  SCV  
  102  7:35  Medivac  
  106  7:42  SCV  
  107  7:45  Terran Infantry Weapons Level 2  
  107  7:50  Marine x3  
  107  7:51  Marine x4  
  111  7:56  Marine  
  113  7:58  Terran Vehicle Weapons Level 1, Refinery  
  113  7:59  Refinery  
  113  8:00  SCV x3  
  113  8:02  Siege Tank  
  119  8:08  Marine x2  
  119  8:09  Supply Depot, Marine x2  
  119  8:10  Marine x3, Supply Depot  
  126  8:16  SCV x2  
  126  8:17  SCV  
  126  8:20  Sensor Tower  
  126  8:21  Marine  
  126  8:25  Marine  
  126  8:26  Marine  
  129  8:27  Marine  
  129  8:31  Medivac x2  
  129  8:33  Marine  
  129  8:34  Marine x2  
  136  8:39  Sensor Tower  
  136  8:40  Supply Depot, SCV x3  
  136  8:41  Siege Tank  
  144  8:48  Marine x4  
  148  8:54  Marine x3  
  148  8:55  Factory  
  150  8:59  Barracks Reactor  
  150  9:02  Supply Depot, Viking x2  
  154  9:03  Supply Depot x2  
  154  9:05  Marine  
  154  9:06  Marine x3  
  158  9:12  Marine x2  
  158  9:16  Siege Tank  
  163  9:17  Marine  
  163  9:23  Marine x2  
  163  9:24  Marine  
  166  9:28  Terran Infantry Armor Level 2  
  163  9:34  Marine x3  
  163  9:35  Marine  
  163  9:38  Viking x2  
  171  9:39  Siege Tank  
  171  9:41  Marine x2  
  176  9:47  Command Center  
  176  9:55  Terran Vehicle Weapons Level 2  
  176  9:56  Marine x6  
  176  9:59  Marine, Supply Depot  
  182  10:11  Marine x2  
  182  10:13  Marine x2  
  182  10:14  Marine  
  186  10:22  Supply Depot  
  186  10:31  Marine x4  
  189  10:42  Marine x4  
  191  10:43  Marine  
  191  10:46  Siege Tank  
  191  10:49  Marine x2  
  177  11:04  Marine x2  
  177  11:07  Marine x3  
  177  11:09  Marine x3  
  160  11:25  Marine x3  
  159  11:27  Marine  
  152  11:42  Marine x2  
  152  11:43  Marine  
  152  11:44  Marine  
  151  11:48  Barracks x2  
  151  11:49  Barracks  
  151  11:51  Barracks x2  
  151  12:00  Marine x3  
  150  12:02  Marine  

Tags
 
Add a new tag
Caveats
  • Supply blocks, unpowered buildings, or Contaminate may cause inaccurate times.
  • Supply counts are checked every 10 seconds.